 Dungeon Crawl Stone Soup version 0.31-a0-948-gf5be29c462 (webtiles) character file.

Game seed: 5411291684073138030

28 Morbidden the Conjurer (level 3, 25/25 HPs)
             Began as a Demonspawn Conjurer on Oct 21, 2023.
             Quit the game on level 1 of the Dungeon.
             The game lasted 00:00:39 (1154 turns).

Morbidden the Conjurer (Demonspawn Conjurer)        Turns: 1154, Time: 00:00:40

Health: 25/25      AC:  2    Str:  7    XL:     3   Next: 0%
Magic:  1/6        EV: 12    Int: 21    God:
Gold:   50         SH:  0    Dex: 11    Spells: 5/6 levels left

rFire   . . .        (no weapon)
rCold   . . .        (no shield)
rNeg    . . .        a - +0 robe
rPois   .            (helmet restricted)
rElec   .            (no cloak)
rCorr   .            (no gloves)
SInv    .            (no boots)
Will    .....        (no amulet)
Stlth   ++           (no ring)
HPRegen 0.24/turn    (no ring)
MPRegen 0.10/turn

%: no passive effects
@: no status effects
A: antennae 1, claws 1
a: no special abilities


You were on level 1 of the Dungeon.
You visited 1 branch of the dungeon, and saw 1 of its levels.

You collected 50 gold pieces.

Inventory:

Armour
 a - a +0 robe (worn)
Talismans
 c - a beast talisman
Scrolls
 d - 2 scrolls of fog {unknown}
 e - a scroll of butterflies {unknown}
 f - a scroll of identify {unknown}
 g - a scroll of enchant weapon {unknown}
Potions
 b - 2 potions of magic


   Skills:
 * Level 0.4 Fighting
 * Level 1.8 Dodging
 + Level 1.9 Stealth
 * Level 0.1 Unarmed Combat
 * Level 2.1 Spellcasting
 * Level 4.5 Conjurations
 * Level 0.4 Shapeshifting


You had 5 spell levels left.
You knew the following spells:

 Your Spells              Type           Power      Damage    Failure   Level
a - Magic Dart            Conj           84%        1d7       2%          1

Your spell library contained the following spells:

 Spells                   Type           Power      Damage    Failure   Level
 Searing Ray              Conj           42%        2d6       3%          2
 Dazzling Flash           Conj/Hex       22%        N/A       17%         3
 Fulminant Prism          Conj/Hex       5%         3d6       50%         4
 Iskenderun's Mystic Bla  Conj/Tloc      11%        2d4       50%         4
 Agony                    Necr           2%         N/A       99%         5
 Silence                  Hex/Air        1%         N/A       99%         5


Dungeon Overview and Level Annotations

Branches:
Dungeon (1/15)

Altars:


Innate Abilities, Weirdness & Mutations

You have a pair of small antennae on your head.
You have sharp fingernails.


Message History

Found a scale mail.
Casting: Magic Dart (safe; 2% risk of failure)
Confirm with . or Enter, or press ? or * to list all spells.
Aiming: Magic Dart (safe; 2% risk of failure)
Press: ? - help, Shift-Dir - straight line, f - hobgoblin
Aim: a hobgoblin (asleep, 100% to hit)
The magic dart hits the hobgoblin but does no damage.
There are monsters nearby!
Unknown command.
Casting: Magic Dart (safe; 2% risk of failure)
Confirm with . or Enter, or press ? or * to list all spells.
Aiming: Magic Dart (safe; 2% risk of failure)
Press: ? - help, Shift-Dir - straight line, f/p - hobgoblin
Aim: a hobgoblin (100% to hit)
The magic dart hits the hobgoblin.
The hobgoblin is almost dead.
The hobgoblin closely misses you.
There are monsters nearby!
Casting: Magic Dart (safe; 2% risk of failure)
Confirm with . or Enter, or press ? or * to list all spells.
Aiming: Magic Dart (safe; 2% risk of failure)
Press: ? - help, Shift-Dir - straight line, f/p - hobgoblin
Aim: a hobgoblin (almost dead, 100% to hit)
The magic dart hits the hobgoblin.
You kill the hobgoblin!
The bat hits you but does no damage.
A bat is nearby!
Casting: Magic Dart (safe; 2% risk of failure)
Confirm with . or Enter, or press ? or * to list all spells.
Aiming: Magic Dart (safe; 2% risk of failure)
Press: ? - help, Shift-Dir - straight line, f - bat
Aim: a bat (100% to hit)
The magic dart hits the bat.
You kill the bat!
You have reached level 3!
Your experience leads to an increase in your attributes!
Increase (S)trength, (I)ntelligence, or (D)exterity?
You feel clever. x2; Your demonic ancestry asserts itself...
A pair of antennae grows on your head!
Are you sure you want to abandon this character and quit the game? (Confirm with "yes".)

...............>#.###.#.#
####...###.####.....#.#.#
#...# #.# #.#.###.#.#
#...# #.# #.#.# #.#.#
#...# #.# #.#.# #.#.#
#...# #.####.#.###.#.#
#...# #.. )..#.....#.#
....# ######.#######.#
.......@...# #.#
.....#.###.# #.# ... #.
#.# #.# #####... [ #.#
#.###.# ........ #.#
#.#...# .####.. #.#
#.#.### ..# #.# #.#.# ..#
+# #.# #.#.# ..# .# #.#
#.#.#


There were no monsters in sight!

Vanquished Creatures
  3 dart slugs (D:1)
  A giant cockroach (D:1)
  2 goblins (D:1)
  3 hobgoblins (D:1)
  3 quokkas (D:1)
  3 ball pythons (D:1)
  2 bats (D:1)
  2 kobolds (D:1)
  2 rats (D:1)
21 creatures vanquished.

Notes
Turn   | Place    | Note
-------+----------+-------------------------------------------
     0 | D:1      | Morbidden the Demonspawn Conjurer began the quest for the
                  | Orb.
     0 | D:1      | Reached XP level 1. HP: 13/13 MP: 3/3
   233 | D:1      | Discovered your monstrous ancestry.
   233 | D:1      | Gained mutation: You have sharp fingernails. [demonic
                  | ancestry]
   233 | D:1      | Reached XP level 2. HP: 20/20 MP: 1/5
  1154 | D:1      | Gained mutation: You have a pair of small antennae on your
                  | head. [demonic ancestry]
  1154 | D:1      | Reached XP level 3. HP: 25/25 MP: 1/6
  1154 | D:1      | Quit the game

Illustrated notes

Levels and vault maps discovered:
D:1:      denvon_arrival_planthouse, layout_basic

Action                     || total
---------------------------++-------
  Melee: Unarmed           ||     7
   Cast: Magic Dart        ||    43
 Armour: Robe              ||     5
  Dodge: Dodged            ||     6

Table legend: (Time is in decaauts)
 A = Elapsed time spent in this place.
 B = Non-inter-level travel time spent in this place.
 C = Inter-level travel time spent in this place.
 D = Time resting spent in this place.
 E = Time spent auto-exploring this place.
 F = Levels seen in this place.
 G = Mean time per level.
                   A        B        C        D        E       F      G
               +--------+--------+--------+--------+--------+-----+--------+
         Total |   1154 |   1154 |      0 |    140 |    919 |   1 | 1154.0 |
       Dungeon |   1154 |   1154 |      0 |    140 |    919 |   1 | 1154.0 |
               +--------+--------+--------+--------+--------+-----+--------+

Top non-repeatable levels by time:
     D:1: 1154 daAuts
